Map: Frozen Temple

Players

Major (SpeCial) - Winner!

  • Race: Terran Terran
  • League: Master

InZaNe

  • Race: Terran Terran
  • League: Master

Event: DreamHack ZOWIE Open Valencia 2016

VOD

Have the link to the VOD?

Description

Time

  • Played on: July 14, 2016, 11:16 a.m.
  • Length: 18:58

All games in this series

Show
View Real Time Build Order
Export as new Build Order

Major Terran - Winner!

Build Orders: 1/1/1, Bio Tank, Banshee Rush 

Get SALT Encoding   

  12  0:00  SCV  
  13  0:13  SCV  
  14  0:17  Supply Depot  
  14  0:25  SCV  
  15  0:29  Refinery  
  15  0:38  SCV  
  16  0:44  Barracks  
  16  0:50  SCV  
  16  0:55  Refinery  
  17  1:02  SCV  
  18  1:15  SCV  
  19  1:33  Factory  
  19  1:34  Orbital Command  
  19  1:37  Reaper  
  20  1:51  Supply Depot  
  20  2:00  SCV  
  21  2:09  Reaper  
  21  2:12  SCV  
  23  2:19  Starport  
  23  2:21  Hellion  
  25  2:24  SCV  
  26  2:32  Supply Depot  
  26  2:36  SCV  
  27  2:42  Factory Tech Lab  
  27  2:43  Reaper  
  28  2:48  SCV  
  29  3:01  SCV  
  30  3:06  Cloaking Field  
  30  3:07  Banshee  
  33  3:15  SCV  
  34  3:20  Widow Mine  
  36  3:29  SCV  
  36  3:32  Supply Depot, Barracks Reactor  
  37  3:46  SCV  
  37  3:51  Command Center  
  37  3:54  Banshee  
  40  3:58  SCV  
  39  4:10  SCV  
  40  4:17  Command Center  
  40  4:24  SCV  
  41  4:28  Marine x2  
  41  4:29  Factory Tech Lab  
  43  4:36  SCV  
  43  4:37  Banshee  
  44  4:46  Marine x2  
  44  4:48  SCV  
  43  5:00  SCV  
  43  5:04  Marine  
  44  5:07  Cyclone  
  47  5:24  SCV  
  47  5:31  Medivac x2  
  47  5:32  Marine, Orbital Command  
  47  5:35  Orbital Command  
  52  5:36  SCV  
  51  5:44  Siege Tank  
  51  5:48  SCV  
  55  6:00  SCV x2  
  55  6:01  Marine  
  58  6:08  SCV  
  59  6:12  SCV x2  
  59  6:16  Siege Tank, Viking x2  
  68  6:20  SCV  
  68  6:24  SCV  
  68  6:25  SCV, Marine  
  72  6:26  Refinery  
  72  6:27  Refinery  
  72  6:33  Engineering Bay  
  72  6:34  Engineering Bay  
  72  6:39  SCV x2  
  75  6:40  SCV  
  75  6:42  Supply Depot  
  75  6:49  Barracks  
  75  6:50  Barracks  
  75  6:51  SCV  
  75  6:52  Stimpack  
  75  6:54  Orbital Command  
  76  7:04  Viking x2  
  76  7:05  SCV x2  
  82  7:10  Terran Infantry Armor Level 1, Terran Infantry Weapons Level 1  
  82  7:17  SCV  
  82  7:18  SCV  
  82  7:19  SCV  
  82  7:20  Marine  
  82  7:29  SCV  
  83  7:30  SCV  
  84  7:37  Viking  
  84  7:38  Viking  
  79  7:46  SCV x2  
  79  7:49  Barracks Reactor x2  
  72  7:51  SCV  
  72  7:53  Barracks  
  72  7:54  Siege Tank  
  72  7:58  SCV  
  71  8:00  SCV  
  71  8:03  SCV  
  71  8:04  Marine, Barracks  
  74  8:10  SCV, Medivac  
  74  8:12  SCV, Medivac  
  80  8:15  SCV  
  81  8:22  SCV  
  81  8:23  Refinery x2  
  81  8:24  SCV  
  81  8:25  Marine x2  
  85  8:30  Marine x2, Armory, SCV  
  85  8:33  Supply Depot  
  88  8:34  SCV  
  88  8:35  Supply Depot  
  88  8:36  SCV  
  88  8:38  Marine  
  92  8:42  SCV  
  92  8:43  Marine  
  92  8:48  Barracks Reactor  
  93  8:52  Factory  
  93  8:53  Barracks Reactor  
  93  8:54  SCV  
  93  8:55  Combat Shields, SCV x2, Siege Tank  
  99  8:56  Marine x3  
  102  9:02  Marine  
  102  9:04  Supply Depot  
  102  9:05  Supply Depot  
  102  9:07  SCV x2  
  101  9:10  SCV  
  101  9:13  Marine  
  101  9:14  Marine x2  
  105  9:18  Marine  
  105  9:19  SCV  
  105  9:20  Marine  
  108  9:25  Terran Infantry Weapons Level 2, Marine x2  
  108  9:27  Siege Tank  
  108  9:29  Terran Infantry Armor Level 2  
  108  9:31  Marine  
  114  9:32  Marine x2  
  114  9:33  Marine  
  114  9:34  Marine  
  114  9:36  Factory Tech Lab, Marine  
  114  9:37  Medivac  
  119  9:38  Marine  
  119  9:43  Marine x2  
  120  9:47  SCV x2  
  120  9:48  Marine  
  120  9:50  Marine x2  
  125  9:59  Terran Vehicle Weapons Level 1  
  125  10:01  Supply Depot  
  125  10:02  Supply Depot  
  125  10:15  Marine x2  
  125  10:16  Siege Tank x2  
  133  10:23  Marine x7  
  133  10:25  Supply Depot  
  133  10:26  Supply Depot  
  140  10:31  Medivac  
  140  10:32  Medivac  
  140  10:33  Marine x2  
  146  10:40  Marine x3  
  149  10:46  Marine x4  
  149  10:48  Siege Tank x2  
  149  10:49  Supply Depot  
  159  10:51  Marine x2  
  161  10:58  Marine x3  
  164  11:04  Marine, Command Center  
  164  11:08  Supply Depot  
  164  11:10  Marine x2  
  164  11:11  Supply Depot, Medivac  
  169  11:19  Marine x2  
  169  11:21  Siege Tank  
  169  11:22  Marine x2  
  169  11:25  Marine, Siege Tank  
  168  11:26  Marine  
  168  11:29  Marine  
  170  11:36  Marine x2  
  160  11:44  Marine x3  
  161  11:49  Marine x2  
  161  11:50  Marine  
  161  11:52  Medivac x2  
  161  11:53  Siege Tank  
  171  11:57  Siege Tank  
  171  11:59  Marine x2  
  176  12:06  Marine x2  
  176  12:12  Marine x3  
  179  12:16  Marine x2  
  179  12:17  Terran Infantry Weapons Level 3  
  175  12:25  Siege Tank  
  175  12:29  Siege Tank  
  166  12:32  Marine  
  166  12:33  Marine  
  166  12:34  Marine x2  
  159  12:44  Marine x2  
  159  12:46  Marine x2  
  152  12:52  Marine x2, Medivac x2  
  152  12:55  Marine x3  
  152  12:57  Siege Tank  
  155  13:01  Siege Tank  
  155  13:02  Marine x2  
  155  13:04  Marine x2  
  158  13:10  Marine x2  
  160  13:13  Marine x3  
  163  13:23  Marine x2  
  163  13:25  Sensor Tower  
  163  13:26  Marine x2  
  167  13:27  Marine, Viking  
  167  13:28  Viking  
  167  13:29  Siege Tank  
  167  13:31  Marine x3  
  178  13:38  Terran Infantry Armor Level 3  
  178  13:40  Marine  
  179  13:44  Marine  
  180  13:51  Marine x2  
  180  13:54  Marine  
  178  13:56  Planetary Fortress  
  178  13:57  Viking  
  178  13:59  Viking  
  178  14:01  Marine  
  183  14:04  Siege Tank  
  183  14:08  Siege Tank  
  189  14:14  Terran Vehicle Weapons Level 2  
  189  14:15  Marine  
  190  14:18  Marine  
  190  14:19  Marine x2  
  190  14:22  Marine  
  194  14:25  Marine  
  194  14:30  Marine x2  
  197  14:37  Marine x2, Orbital Command  
  197  14:38  Marine  
  197  14:51  Medivac  
  199  14:59  Hi-Sec Auto Tracking  
  199  15:05  Marine  
  194  15:09  Viking  
  191  15:19  Marine x2  
  178  15:21  Viking  
  178  15:22  Marine x2  
  178  15:24  Marine x2  
  178  15:25  Marine x3  
  178  15:26  Siege Tank x2  
  192  15:37  Marine x2  
  192  15:38  Barracks  
  192  15:40  Marine x2, Barracks  
  192  15:42  Marine  
  195  15:44  Viking  
  195  15:47  Marine x2  
  198  15:51  Viking  
  198  15:53  Marine  
  198  16:13  Marine x2  
  198  16:17  Marine x2  
  198  16:18  Marine x4  
  168  16:20  Marine  
  168  16:22  Viking x2  
  168  16:25  Marine  
  174  16:31  Marine x3  
  173  16:35  Marine x3  
  173  16:36  Marine x2  
  173  16:38  Marine x2  
  166  16:43  Marine, Siege Tank  
  166  16:44  Siege Tank  
  150  16:49  Marine x3  
  150  16:52  Medivac x2  
  150  16:53  Marine x4  
  152  16:54  Marine  
  152  16:56  Marine  
  152  16:58  SCV  
  152  17:00  Marine  
  152  17:01  Marine  
  157  17:07  Marine  
  149  17:08  Marine x2  
  149  17:11  Marine x3  
  149  17:13  Marine x2  
  157  17:15  Siege Tank  
  157  17:17  Sensor Tower  
  157  17:22  Medivac x2  
  163  17:23  Marine  
  163  17:26  Marine x2  
  163  17:29  Marine  
  164  17:30  Marine  
  164  17:36  Marine x2  
  164  17:37  Marine  
  168  17:38  Marine x2  
  168  17:41  Siege Tank  
  168  17:43  Missile Turret  
  173  17:45  Marine x2  
  173  17:47  Marine  
  173  17:48  Siege Tank  
  173  17:49  Marine  
  178  17:52  Marine x2, Medivac x2  
  183  18:00  Marine x2  
  185  18:05  Marine  
  185  18:06  Marine x2  
  188  18:13  Marine x3, Siege Tank  
  188  18:19  Marine x2  
  197  18:20  Siege Tank, Command Center  
  197  18:23  Barracks Reactor x2  
  199  18:30  Marine  
Show
View Real Time Build Order
Export as new Build Order

InZaNe Terran 

Build Orders: Reaper Expand, MMM Bio 

Get SALT Encoding   

  12  0:00  SCV  
  13  0:13  SCV  
  14  0:18  Supply Depot  
  14  0:25  SCV  
  15  0:39  SCV  
  15  0:40  Barracks  
  16  0:44  Refinery  
  16  0:51  SCV  
  17  1:03  SCV  
  18  1:15  SCV  
  19  1:28  Orbital Command  
  19  1:29  Reaper  
  20  1:43  Command Center  
  19  1:54  SCV  
  20  1:55  Supply Depot  
  20  2:01  Marine  
  21  2:08  Factory  
  21  2:10  SCV  
  22  2:19  Marine  
  22  2:22  SCV  
  24  2:27  Supply Depot  
  24  2:34  SCV, Refinery  
  25  2:38  Marine  
  26  2:46  SCV  
  27  2:53  Factory Tech Lab, Starport  
  28  2:58  SCV  
  28  3:00  Orbital Command  
  28  3:01  Marine  
  29  3:15  Cyclone  
  29  3:19  Marine  
  34  3:27  Orbital Command  
  34  3:35  Medivac  
  34  3:37  Marine  
  36  3:51  SCV  
  36  3:52  Command Center  
  36  3:54  SCV  
  38  4:03  SCV  
  38  4:06  SCV, Barracks Reactor  
  40  4:14  Siege Tank  
  40  4:15  SCV  
  44  4:18  SCV, Engineering Bay  
  45  4:26  Viking  
  45  4:27  SCV  
  45  4:30  SCV  
  47  4:41  SCV, Engineering Bay  
  47  4:42  SCV  
  47  4:44  Marine x2  
  51  4:53  SCV  
  51  5:02  Marine x2  
  51  5:05  Orbital Command  
  51  5:06  SCV x2  
  55  5:11  Missile Turret  
  54  5:18  SCV  
  54  5:19  Missile Turret  
  49  5:33  SCV x3, Missile Turret  
  49  5:35  Barracks Tech Lab  
  50  5:39  Barracks  
  50  5:42  Starport Reactor  
  50  5:45  SCV  
  50  5:46  Barracks  
  51  5:51  SCV x2  
  51  5:55  Marine, Refinery  
  54  5:57  SCV  
  54  5:59  Stimpack  
  54  6:03  SCV x2  
  55  6:13  Marine  
  55  6:21  Viking x2  
  55  6:24  Siege Tank  
  60  6:31  Marine  
  60  6:32  SCV x2  
  60  6:33  SCV  
  60  6:40  Marine x2  
  60  6:44  SCV  
  60  6:45  SCV x2  
  65  6:48  Marine  
  65  6:50  Terran Infantry Weapons Level 1  
  65  6:52  Refinery  
  66  6:57  SCV x2  
  68  7:01  Orbital Command  
  68  7:05  Terran Infantry Armor Level 1  
  68  7:08  Barracks Reactor  
  68  7:09  Barracks  
  68  7:10  Barracks  
  68  7:16  Siege Tank  
  68  7:17  Marine x2  
  69  7:22  Supply Depot  
  69  7:23  Supply Depot  
  69  7:24  Marine  
  69  7:29  Medivac x2  
  73  7:30  SCV x3  
  69  7:47  Marine  
  69  7:48  Marine x4  
  69  7:50  Siege Tank  
  63  7:57  SCV x2, Barracks Reactor x2  
  63  7:58  SCV  
  62  8:09  SCV  
  62  8:10  SCV x2, Marine  
  62  8:11  Marine x3  
  67  8:15  Missile Turret  
  67  8:17  Marine  
  68  8:21  Armory  
  68  8:22  SCV  
  69  8:27  Supply Depot  
  69  8:28  Supply Depot  
  69  8:37  Supply Depot  
  69  8:48  Marine x5  
  69  8:49  SCV x3  
  69  8:51  Marine x3  
  69  8:53  Sensor Tower, Siege Tank  
  83  8:57  Medivac x2  
  83  8:59  Marine  
  83  9:01  SCV x3  
  91  9:06  Marine x3  
  92  9:12  Marine x5  
  92  9:14  SCV  
  92  9:15  SCV x2  
  99  9:17  Refinery  
  99  9:18  Refinery  
  99  9:20  Terran Infantry Weapons Level 2  
  99  9:25  Terran Infantry Armor Level 2  
  99  9:26  SCV  
  99  9:27  SCV  
  101  9:46  SCV  
  101  9:47  Supply Depot  
  101  9:48  Marine x3, SCV x2, Siege Tank  
  101  9:49  Supply Depot  
  101  9:50  Supply Depot  
  101  9:51  Marine x2  
  101  9:52  Marine  
  108  9:53  Combat Shields, Marine x2  
  108  9:54  Marine  
  108  9:59  Medivac x2  
  116  10:13  Marine x8  
  116  10:14  Marine  
  123  10:21  Factory  
  123  10:30  Marine x2  
  123  10:31  Supply Depot x2, Marine x3  
  123  10:32  Marine, Missile Turret  
  123  10:34  Missile Turret  
  129  10:43  Marine x3  
  129  10:44  Siege Tank  
  129  10:47  Medivac x2  
  139  10:52  Marine  
  139  10:53  Marine x3  
  143  11:09  Factory Tech Lab  
  143  11:10  Marine  
  147  11:16  Medivac, Siege Tank, Command Center  
  147  11:25  Marine x5  
  148  11:26  Marine x2  
  148  11:31  Marine x2  
  151  11:43  Marine x3, Siege Tank  
  151  11:44  Marine  
  151  11:46  Marine  
  157  11:51  Supply Depot  
  157  11:52  Marine, Terran Infantry Weapons Level 3  
  158  11:59  Medivac x2  
  162  12:08  Terran Infantry Armor Level 3  
  162  12:10  Siege Tank  
  165  12:22  Marine  
  152  12:32  Marine x3  
  152  12:33  Marine  
  124  12:49  Marine x5  
  121  12:51  Marine  
  121  12:52  Marine x3  
  121  12:53  Siege Tank  
  121  12:55  SCV x3  
  130  13:07  SCV x3  
  133  13:19  Sensor Tower, SCV x3  
  135  13:26  Siege Tank  
  134  13:30  Planetary Fortress  
  134  13:31  SCV x2  
  136  13:43  Marine  
  136  13:44  Siege Tank  
  139  13:53  Marine x2  
  139  13:54  Marine x4  
  139  13:55  Marine x2, Viking  
  147  14:01  Marine  
  150  14:04  Siege Tank  
  150  14:08  SCV x3  
  156  14:16  Sensor Tower  
  156  14:20  SCV x2  
  158  14:25  Marine  
  158  14:26  Marine x3  
  158  14:27  Marine, Siege Tank  
  158  14:33  Viking  
  160  14:47  Marine x3  
  163  14:59  Siege Tank  
  164  15:00  Viking  
  164  15:01  Siege Tank  
  164  15:03  Viking  
  167  15:18  Marine x4  
  167  15:19  Marine x2  
  167  15:20  Marine x2  
  150  15:21  Marine  
  147  15:30  Viking  
  147  15:33  Viking  
  151  15:36  Marine x3  
  151  15:40  Siege Tank x2  
  160  15:49  Marine x3  
  158  15:50  Marine x2  
  156  16:03  Marine  
  156  16:04  Viking  
  152  16:17  Marine x2  
  144  16:23  Marine x4  
  144  16:24  Marine x3  
  152  16:25  Siege Tank  
  152  16:28  Orbital Command  
  152  16:35  Marine  
  152  16:39  Marine  
  120  16:40  Marine x2  
  120  16:41  Marine x3  
  120  16:42  Marine x2  
  90  16:53  Marine  
  90  16:54  Siege Tank  
  80  16:56  Marine  
  80  16:58  Marine x3  
  80  16:59  Marine x4  
  87  17:03  SCV x2  
  86  17:15  SCV x2  
  88  17:20  SCV  
  88  17:27  SCV x2  
  90  17:32  Marine, SCV  
  90  17:33  Marine  
  90  17:34  Marine x2  
  90  17:35  Marine  
  90  17:36  Marine x2  
  98  17:37  Siege Tank  
  98  17:38  Siege Tank  
  98  17:39  SCV x2, Medivac x2  
  98  17:40  Marine x2  
  112  17:44  SCV  
  112  17:50  Marine  
  109  17:51  SCV  
  109  17:52  SCV, Marine x2  
  106  18:01  Marine x6  
  112  18:08  Marine  
  112  18:09  Medivac x2  
  112  18:10  Marine  
  112  18:12  Sensor Tower  
  118  18:17  Marine  
  118  18:18  Siege Tank  
  122  18:28  Marine  
  122  18:29  Marine  
  124  18:36  Command Center  
  124  18:37  Marine x3  
  124  18:38  Marine x2  
  124  18:39  Marine x2  

Tags
 
Add a new tag
Caveats
  • Supply blocks, unpowered buildings, or Contaminate may cause inaccurate times.
  • Supply counts are checked every 10 seconds.